 Dungeon Crawl Stone Soup version 0.30-a0-339-g89bb51ec76 (webtiles) character file.

Game seed: 11910775580698966552

65 Lanoc the Firebug (level 3, -1/26 HPs)
             Began as a Draconian Fire Elementalist on Nov 1, 2022.
             Was a Follower of Vehumet.
             Slain by a gnoll
             ... wielding a +0 halberd
              (7 damage)
             ... on level 3 of the Dungeon.
             The game lasted 00:03:47 (1850 turns).

Lanoc the Firebug (Draconian Fire Elementalist)     Turns: 1850, Time: 00:03:48

Health: -1/26      AC:  8    Str: 10    XL:     3   Next: 94%
Magic:  0/6        EV: 12    Int: 17    God:    Vehumet [*.....]
Gold:   71         SH:  0    Dex: 11    Spells: 3/6 levels left

rFire   . . .      SeeInvis .    e - +1 demon trident (flame)
rCold   . . .      Faith    .    (no shield)
rNeg    . . .      Spirit   .    (body armour unavailable)
rPois   .          Reflect  .    (helmet restricted)
rElec   .          Harm     .    (no cloak)
rCorr   .          Rampage  .    (no gloves)
Will    .....                    j - +2 pair of boots
Stlth   ++........               (no amulet)
HPRegen 0.24/turn                (no ring)
MPRegen 0.10/turn                (no ring)

@: hasted, very quick
A: AC +5, unfitting armour, cold-blooded
a: Renounce Religion


You were on level 3 of the Dungeon.
You worshipped Vehumet.
Vehumet was aware of your devotion.
You visited 1 branch of the dungeon, and saw 3 of its levels.

You collected 71 gold pieces.

Inventory:

Hand Weapons
 d - a +2 dagger of speed
 e - a +1 demon trident of flaming (weapon)
Armour
 j - a +2 pair of boots (worn)
Scrolls
 c - a scroll of enchant armour {unknown}
 h - a scroll of magic mapping {unknown}
Potions
 a - 4 potions of magic
 f - a potion of resistance {unknown}
 g - a potion of cancellation {unknown}
 i - a potion of curing {unknown}
 k - a potion of might {unknown}


   Skills:
 + Level 2.6 Dodging
 - Level 1.7 Stealth
 - Level 2.0 Spellcasting
 - Level 1.0 Conjurations
 * Level 4.3 Fire Magic


You had 3 spell levels left.
You knew the following spells:

 Your Spells              Type           Power      Damage    Failure   Level
a - Foxfire               Conj/Fire      40%        2x1d6     6%          1
b - Scorch                Fire           32%        2d6       4%          2

Your spell library contained the following spells:

 Spells                   Type           Power      Damage    Failure   Level
 Shock                    Conj/Air       12%        1d3       16%         1
 Summon Small Mammal      Summ           4%         N/A       19%         1
 Inner Flame              Hex/Fire       9%         N/A       24%         3
 Kindle Blastsparks       Fire/Tloc/Air  12%        2d11      32%         3
 Call Canine Familiar     Summ           1%         N/A       50%         3
 Summon Guardian Golem    Hex/Summ       1%         N/A       50%         3
 Flame Wave               Conj/Fire      10%        2d6       54%         4


Dungeon Overview and Level Annotations

Branches:
Dungeon (3/15)

Altars:
Vehumet


Innate Abilities, Weirdness & Mutations

Your plain brown scales are hard. (AC +5)
You cannot fit into any form of body armour.
You are cold-blooded and may be slowed by cold attacks.


Message History

The gnoll blinks! x3; You blink.
The gnoll blinks!
You are too injured to fight recklessly!
Casting: Foxfire (safe; 6% risk of failure)
Confirm with . or Enter, or press ? or * to list all spells.
You conjure some foxfire!
Casting: Foxfire (safe; 6% risk of failure)
Confirm with . or Enter, or press ? or * to list all spells.
You conjure some foxfire!
The foxfire hits the gnoll but does no damage.
The gnoll is lightly wounded.
The foxfire hits the gnoll.
The gnoll is moderately wounded.
Casting: Foxfire (safe; 6% risk of failure)
Confirm with . or Enter, or press ? or * to list all spells.
You conjure some foxfire!
The foxfire hits the gnoll.
The gnoll is severely wounded.
The gnoll hits you from afar with a +0 spear.
Reach: e) +1 demon trident (flame)
Press: ? - help, Dir - move target, f - gnoll
Aim: a gnoll, wielding a +0 spear (severely wounded, ally target, about 42% to evade your +1 demon trident of flaming)
You could not reach far enough!
The foxfire hits the gnoll.
The gnoll is heavily wounded.
The foxfire hits the gnoll.
The gnoll is almost dead.
The gnoll barely misses you.
Reach: e) +1 demon trident (flame)
Press: ? - help, Dir - move target, f/p - gnoll
Aim: a gnoll, wielding a +0 spear (severely wounded, about 42% to evade your +1 demon trident of flaming)
You reach to attack!
You hit the gnoll. You burn the gnoll.
The gnoll is almost dead.
The gnoll hits you from afar with a +0 spear.
It was a potion of haste.
You feel yourself speed up. The gnoll barely misses you.
The gnoll hits you but does no damage.
Casting: Foxfire (safe; 6% risk of failure)
Confirm with . or Enter, or press ? or * to list all spells.
You conjure some foxfire!
The gnoll barely misses you.
The gnoll hits you from afar with a +0 spear.
* * * LOW HITPOINT WARNING * * *
The gnoll hits you from afar with a +0 halberd!
You die...

## . ##### ..#..
#.g@# #########...<
#.vv###..>##....##
#.gg##...........#.#
#.^.#.........<....#
#...................
#...................
#...##......(.....##
#...###...#.........
##### ######...#.#..


You could see 3 gnolls.

Vanquished Creatures
  An adder (D:2)
  3 dart slugs
  6 ball pythons
  5 endoplasms
  2 giant cockroaches (D:2)
  8 goblins
  5 hobgoblins
  2 jackals (D:1)
  5 bats
  2 frilled lizards (D:1)
  5 kobolds
  2 rats (D:1)
46 creatures vanquished.

Vanquished Creatures (others)
  147 foxfires
147 creatures vanquished.

Grand Total: 193 creatures vanquished

Notes
Turn   | Place    | Note
-------+----------+-------------------------------------------
     0 | D:1      | Lanoc the Draconian Fire Elementalist began the quest for
                  | the Orb.
     0 | D:1      | Reached XP level 1. HP: 14/14 MP: 3/3
   223 | D:1      | Reached XP level 2. HP: 20/20 MP: 0/5
   629 | D:1      | Reached XP level 3. HP: 26/26 MP: 1/6
   944 | D:2      | Reached skill level 4 in Fire Magic
  1186 | D:2      | Found a faded altar of an unknown god.
  1212 | D:2      | Prayed at the altar of an unknown god.
  1212 | D:2      | Became a worshipper of Vehumet
  1212 | D:2      | Reached * piety under Vehumet
  1212 | D:2      | Offered knowledge of Shock by Vehumet.
  1458 | D:2      | Learned a level 2 spell: Scorch
  1850 | D:3      | Slain by a gnoll

Illustrated notes

Levels and vault maps discovered:
D:1:      lightli_arrival_noodles, layout_rooms
D:2:      layout_basic, basic_ecumenical_altar, corexii_hall_statues_i
D:3:      layout_rooms, nicolae_elevator_lobby_asterisk

Skill      XL: |  1  2  3 |
---------------+----------+-----
Dodging        | 2 |  2.6
Fire Magic     | 4 |  4.3
Stealth        | |  1.7
Spellcasting   | |  2.0
Conjurations   | |  1.0

Action                   || total
-------------------------++-------
Melee: Unarmed           ||     9
       Tailslap          ||     2
       Demon trident     ||    17
 Cast: Foxfire           ||    87
  Use: Potion            ||     1
 Stab: Sleeping          ||     1
Armor: Skin              ||    24
Dodge: Dodged            ||    41

Table legend: (Time is in decaauts)
 A = Elapsed time spent in this place.
 B = Non-inter-level travel time spent in this place.
 C = Inter-level travel time spent in this place.
 D = Time resting spent in this place.
 E = Time spent auto-exploring this place.
 F = Levels seen in this place.
 G = Mean time per level.
                   A        B        C        D        E       F      G
               +--------+--------+--------+--------+--------+-----+--------+
         Total |   1854 |   1825 |     29 |      0 |   1522 |   3 |  618.0 |
       Dungeon |   1854 |   1825 |     29 |      0 |   1522 |   3 |  618.0 |
               +--------+--------+--------+--------+--------+-----+--------+

Top non-repeatable levels by time:
     D:1: 940 daAuts
     D:2: 894 daAuts
     D:3: 19 daAuts
